 Dungeon Crawl Stone Soup version 0.28-a0-938-gbc3f381ebc (webtiles) character file.

Game seed: 5095937926532275637

17 howech the Insei (level 2, -4/21 HPs)
             Began as a Merfolk Transmuter on Nov 28, 2021.
             Frozen to death by an endoplasm (5 damage)
             ... on level 2 of the Dungeon.
             The game lasted 00:02:51 (153 turns).

howech the Insei (Merfolk Transmuter)                Turns: 153, Time: 00:02:52

Health: -4/21      AC:  2    Str: 10    XL:     2   Next: 62%
Magic:  5/5        EV: 12    Int: 12    God:
Gold:   0          SH:  0    Dex: 14    Spells: 4/5 levels left

rFire   . . .      SeeInvis .   d - +0 short sword
rCold   . . .      Faith    .   (no shield)
rNeg    . . .      Spirit   .   a - +0 robe
rPois   .          Reflect  .   (no helmet)
rElec   .          Harm     .   (no cloak)
rCorr   .          Rampage  .   (no gloves)
Will    .....                   (no boots)
Stlth   +.........              (no amulet)
HPRegen 0.07/turn               (no ring)
MPRegen 0.09/turn               (no ring)

@: no status effects
A: (nimble swimmer 2), mertail
a: no special abilities


You were on level 2 of the Dungeon.
You visited 1 branch of the dungeon, and saw 2 of its levels.

Inventory:

Hand Weapons
 d - a +0 short sword (weapon)
 e - a +0 dagger
Missiles
 b - 2 poisoned darts
Armour
 a - a +0 robe (worn)
Scrolls
 c - a scroll of fog {unknown}


   Skills:
 + Level 1.3 Fighting
 + Level 0.3 Short Blades
 + Level 0.8 Throwing
 + Level 2.8 Dodging
 + Level 0.3 Stealth
 + Level 3.4 Unarmed Combat
 + Level 2.1 Spellcasting
 + Level 3.0 Transmutations


You had 4 spell levels left.
You knew the following spells:

 Your Spells              Type           Power      Damage    Failure   Level
a - Beastly Appendage     Tmut           16%        N/A       8%          1

Your spell library contained the following spells:

 Spells                   Type           Power      Damage    Failure   Level
 Wereblood                Tmut           8%         N/A       12%         2
 Spider Form              Tmut/Pois      4%         N/A       41%         3
 Ice Form                 Ice/Tmut       4%         N/A       82%         4


Dungeon Overview and Level Annotations

Branches:
Dungeon (1/15)

Altars:


Innate Abilities, Weirdness & Mutations

((You are quick and stealthy near water. (Stealth+, EV+, Speed+++)))
Your lower body shifts to a powerful aquatic tail in water.


Message History

A bat comes into view.
An endoplasm comes into view.
You see here a poisoned dart.
Found a stone staircase leading up.
The bat barely misses you. The bat barely misses you. The bat misses you.
The bat hits you but does no damage.
A kobold comes into view. It is wielding a +0 dagger.
The endoplasm closely misses you. The bat misses you.
The kobold shouts!
The bat misses you. The bat hits you.
* * * LOW HITPOINT WARNING * * *
The kobold barely misses you. The kobold hits you with a +0 dagger.
* * * LOW HITPOINT WARNING * * *
The bat misses you. The bat barely misses you.
The bat hits you but does no damage. The bat hits you but does no damage.
The bat closely misses you.
You hit the bat.
The bat is moderately wounded.
The bat barely misses you. The bat completely misses you.
You hit the bat.
The bat is severely wounded.
The bat closely misses you. x3
You miss the bat. You punch the bat.
The bat is moderately wounded.
The bat hits you but does no damage.
You hit the bat.
You kill the bat!
The endoplasm freezes you.
You are frozen.
* * * LOW HITPOINT WARNING * * *
You hit the endoplasm.
The endoplasm is heavily wounded.
The endoplasm freezes you.
You are frozen.
You die...

#................
.................## .
.................. ..
#.............## ...
#........w.#(w.# ....
.....#J..##(#.# .....
#..##.####.#.#
......###..##.# #(#(##
.......@JK.w..####.#..#
.....#####.........(..#
... #...##........# .
#...##......#..
.....$......##.
.............. #
..............#?
#.................
.......... .


You could see a worm, an endoplasm and a kobold.

Vanquished Creatures
  A dart slug (D:2)
  An endoplasm (D:2)
  A giant cockroach (D:2)
  4 jackals (D:2)
  2 kobolds (D:2)
  2 ball pythons (D:2)
  2 bats (D:2)
  A frilled lizard (D:2)
14 creatures vanquished.

Notes
Turn   | Place    | Note
-------+----------+-------------------------------------------
     0 | D:1      | howech the Merfolk Transmuter began the quest for the Orb.
     0 | D:1      | Reached XP level 1. HP: 15/15 MP: 3/3
    67 | D:2      | Reached XP level 2. HP: 17/21 MP: 5/5
   152 | D:2      | HP: 1/21 [frozen (3)]
   153 | D:2      | Frozen to death by an endoplasm

Illustrated notes

Levels and vault maps discovered:
D:1:      psy_arrival_conway, layout_loops_ring, ebering_ecumenical_altar_webs
D:2:      minmay_thinvault, layout_rooms, uniq_terence

Skill      XL: |  1  2 |
---------------+-------+-----
Transmutations | 3 |  3.0
Fighting       | |  1.3
Short Blades   | |  0.3
Throwing       | |  0.8
Dodging        | |  2.8
Stealth        | |  0.3
Unarmed Combat | |  3.4
Spellcasting   | |  2.1

Action                   || total
-------------------------++-------
Melee: Unarmed           ||     9
       Short sword       ||    43
       Headbutt          ||     5
       Punch             ||     1
Throw: Dart              ||    11
 Cast: Beastly Appendage ||     2
Armor: Robe              ||    15
Dodge: Dodged            ||    62

Table legend: (Time is in decaauts)
 A = Elapsed time spent in this place.
 B = Non-inter-level travel time spent in this place.
 C = Inter-level travel time spent in this place.
 D = Time resting spent in this place.
 E = Time spent auto-exploring this place.
 F = Levels seen in this place.
 G = Mean time per level.
                   A        B        C        D        E       F      G
               +--------+--------+--------+--------+--------+-----+--------+
         Total |    153 |    153 |      0 |      0 |     13 |   2 |   76.5 |
       Dungeon |    153 |    153 |      0 |      0 |     13 |   2 |   76.5 |
               +--------+--------+--------+--------+--------+-----+--------+

Top non-repeatable levels by time:
     D:2: 120 daAuts
     D:1: 33 daAuts
